cohdb
Replays
Latest Replays
All Replays
Popular Replays
Top Player Replays
Match Explorer
How It Works
Community
CoH3 Stats
Reddit
Sign in to upload your games and track your stats! →
Sign in with Steam
Match 45289938
Unlisted
Match 45289938
Overview
Messages
Build Orders
End
Royal Engineer Section
Construct Section Command Post
Dingo Light Scout Car
Selects Heavy Armor Battlegroup
Infantry Section
ML 3-inch Mortar Team
Infantry Section
Construct Platoon Command Post
Infantry Section
Unlock M3 Stuart Light Tanks
M3 Stuart Light Tank
Grenade Package
M3 Stuart Light Tank
Construct Field Infirmary
Construct Company Command Post
Foot Guards Section
Crusader II Medium Tank
Crusader II Medium Tank
Selects Rigorous Vehicle Training
Selects Forward Repair Assembly
Crusader II Medium Tank
Selects Churchill Black Prince Heavy Tank
Royal Engineer Section
Churchill Black Prince Heavy Tank
Dunkerque
WilllTHENOOBz
CAuMOH
K̳itsuné
0
0
Comments
sign in to comment!
No comments posted yet!